 Dungeon Crawl Stone Soup version 0.21.1-1-g345015fe64 (webtiles) character file.

211 Loge the Magician (level 5, 0/28 HPs)
             Began as a Deep Elf Fire Elementalist on July 19, 2018.
             Slain by Grinder (1 damage)
             ... while paralysed by Grinder
             ... on level 3 of the Dungeon.
             The game lasted 00:12:42 (3416 turns).

Loge the Magician (Deep Elf Fire Elementalist)      Turns: 3416, Time: 00:12:43

Health: 0/28       AC:  3    Str:  5    XL:     5   Next: 57%
Magic:  14/14      EV:  2    Int: 21    God:
Gold:   138        SH:  0    Dex: 15    Spells: 3/13 levels left

rFire    . . .     SeeInvis .   j - +0 dagger
rCold    . . .     Gourm    .   (no shield)
rNeg     . . .     Faith    .   a - +0 robe
rPois    .         Spirit   .   (no helmet)
rElec    .         Reflect  .   k - +0 cloak
rCorr    .         Harm     .   (no gloves)
MR       .....                  (no boots)
Stlth    ++........             (no amulet)
HPRegen  0.09/turn              (no ring)
MPRegen  0.14/turn              (no ring)

@: paralysed
A: no striking features
a: no special abilities


You were on level 3 of the Dungeon.
You were not hungry.

You visited 1 branch of the dungeon, and saw 3 of its levels.

You collected 138 gold pieces.

Inventory:

Hand Weapons
 j - a +0 dagger (weapon)
Missiles
 f - 20 poisoned needles
Armour
 a - a +0 robe (worn)
 k - a +0 cloak (worn)
Jewellery
 g - an uncursed ring of poison resistance {unknown}
 o - an uncursed amulet of guardian spirit {unknown}
 p - a +4 ring of intelligence {unknown}
Scrolls
 d - a scroll of remove curse {unknown}
 e - a scroll of identify {unknown}
 h - a scroll of enchant armour {unknown}
 i - 4 scrolls of teleportation {unknown}
 q - a scroll of immolation {unknown}
Potions
 l - a potion of ambrosia {unknown}
 m - a potion of brilliance {unknown}
 n - a potion of cancellation {unknown}
Books
 b - a book of Flames

   Spells                             Type                      Level
   a - Flame Tongue                   Conjuration/Fire             1
   b - Throw Flame                    Conjuration/Fire             2
   c - Conjure Flame                  Conjuration/Fire             3
   d - Inner Flame                    Hexes/Fire                   3
   e - Sticky Flame                   Conjuration/Fire             4
   f - Fireball                       Conjuration/Fire             5
Comestibles
 c - a ration


   Skills:
 - Level 2.4 Dodging
 - Level 2.4 Stealth
 + Level 4.6 Spellcasting
 * Level 4.4 Conjurations
 + Level 4.4 Fire Magic


You had 3 spell levels left.
You knew the following spells:

 Your Spells              Type           Power        Failure   Level  Hunger
a - Flame Tongue          Conj/Fire      ###..        1%          1    None
b - Throw Flame           Conj/Fire      ###...       2%          2    #......
c - Conjure Flame         Conj/Fire      ###.....     5%          3    ##.....
d - Sticky Flame          Conj/Fire      ###.....     19%         4    ####...


Dungeon Overview and Level Annotations

Branches:
Dungeon (3/15)

Altars:
Elyvilon
Trog
The Shining One

Annotations:
D:3 Grinder, Purgy


Message History

You see here 14 stones.
Grinder shouts!
Grinder gestures at you. Pain shoots through your body!
Grinder gestures at you.
You struggle to resist.
Grinder blinks!
Grinder gestures at you. Pain shoots through your body!
Purgy shouts!
Purgy looks around nervously.
Grinder gestures at you.
You suddenly lose the ability to move!
All of the chunks of flesh in your inventory have rotted away.
Grinder blinks!
Grinder hits you. Grinder hits you! x2
* * * LOW HITPOINT WARNING * * *
You writhe in agony.
You die...

...........###...# #..T.# #.#....
...........####..# #....# #.#.##.
.........T.#.....# #....# #.#.##.
...........#.###.# #.#....
..[.....####'###.##########.###..
........'....)...................
........###...##T######.###......
........# #...##5.#####.# #......
........# ##.###@....##.# ##...##
........# #.# ##..#.##.# #...#
........# #.# #....##.# #...#
........# #.####....##.# #....
.######## #.........##.# #.....
###############.###.# #.....
#......(.........##.# ###...
#......#########.##.# #...
#......####.##...##.# #...


You could see Grinder and Purgy.

Vanquished Creatures
  A scorpion (D:3)
  Crazy Yiuf (D:2)
  Jessica (D:3)
  Terence (D:2)
  An adder (D:2)
  An adder zombie (D:2)
  4 worms
  4 dart slugs (D:1)
  A leopard gecko (D:2)
  An orc (D:3)
  3 giant cockroaches
  6 goblins
  7 hobgoblins
  3 jackals
  A quokka (D:2)
  5 bats
  3 frilled lizards
  5 kobolds
  6 rats
55 creatures vanquished.

Notes
Turn   | Place    | Note
-------+----------+-------------------------------------------
     0 | D:1      | Loge the Deep Elf Fire Elementalist began the quest for the Orb.
     0 | D:1      | Reached XP level 1. HP: 10/10 MP: 6/6
   207 | D:1      | Reached XP level 2. HP: 15/15 MP: 6/8
   212 | D:1      | Learned a level 2 spell: Throw Flame
  1087 | D:2      | Reached XP level 3. HP: 19/19 MP: 3/10
  1092 | D:2      | Learned a level 3 spell: Conjure Flame
  1271 | D:2      | Found a runed door.
  1302 | D:2      | Noticed Terence
  1813 | D:2      | Found a white marble altar of Elyvilon.
  1813 | D:2      | Found a bloodstained altar of Trog.
  1813 | D:2      | Found a glowing golden altar of the Shining One.
  2050 | D:2      | Killed Terence
  2050 | D:2      | Reached XP level 4. HP: 24/24 MP: 1/12
  2425 | D:2      | Noticed Crazy Yiuf
  2433 | D:2      | Killed Crazy Yiuf
  2796 | D:3      | Reached XP level 5. HP: 22/28 MP: 3/13
  2990 | D:3      | Noticed Grinder
  3094 | D:3      | Noticed Jessica
  3098 | D:3      | Killed Jessica
  3228 | D:3      | Noticed Purgy
  3235 | D:3      | Learned a level 4 spell: Sticky Flame
  3412 | D:3      | Paralysed by Grinder for 7 turns
  3416 | D:3      | HP: 1/28 [Grinder (8)]
  3416 | D:3      | Slain by Grinder

Skill      XL: |  1  2  3  4 |
---------------+-------------+-----
Conjurations   | 2 3 4 |  4.4
Spellcasting   | 4 |  4.6
Fire Magic     | 4 |  4.4
Dodging        | |  2.4
Stealth        | |  2.4

Action                   |  1- 3 |  4- 6 || total
-------------------------+-------+-------++-------
 Cast: Flame Tongue      |    58 |    52 ||   110
       Throw Flame       |    11 |     8 ||    19
       Conjure Flame     |     2 |     3 ||     5
  Eat: Chunk             |     4 |     4 ||     8
Armor: Robe              |       |     2 ||     2
Dodge: Dodged            |     7 |     4 ||    11
